 Dungeon Crawl Stone Soup version 0.23.2-1-ga50397a6bc (webtiles) character file.

Game seed: 17394883677634243276

327 Mrkan the Grave Robber (level 6, -2/44 HPs)
             Began as a Gnoll Necromancer on May 13, 2019.
             Killed from afar by an orc wizard (7 damage)
             ... with a puff of frost
             ... on level 5 of the Dungeon.
             The game lasted 00:13:48 (3439 turns).

Mrkan the Grave Robber (Gnoll Necromancer)          Turns: 3439, Time: 00:13:49

Health: -2/44      AC:  4    Str: 15    XL:     6   Next: 50%
Magic:  14/14      EV: 14    Int: 19    God:
Gold:   152        SH:  0    Dex: 12    Spells: 10/15 levels left

rFire    . . .     SeeInvis .   w - +1 mace (drain)
rCold    . . .     Gourm    .   (no shield)
rNeg     . . .     Faith    .   a - +0 robe
rPois    .         Spirit   .   (no helmet)
rElec    .         Reflect  .   v - +0 cloak
rCorr    .         Harm     .   (no gloves)
MR       .....                  n - +0 pair of boots
Stlth    +++.......             (no amulet)
HPRegen  0.14/turn              p - -3 ring of dexterity (curse)
MPRegen  0.14/turn              q - +4 ring of strength

@: no status effects
A: distributed training, fangs 1, strong nose
a: no special abilities


You were on level 5 of the Dungeon.
You were not hungry.

You visited 1 branch of the dungeon, and saw 5 of its levels.

You collected 152 gold pieces.

Inventory:

Hand Weapons
 u - a +2 quarterstaff of chaos
 w - a +1 mace of draining (weapon)
Armour
 a - a +0 robe (worn)
 n - a +0 pair of boots (worn)
 v - a +0 cloak (worn)
Jewellery
 p - a cursed -3 ring of dexterity (left hand)
 q - a +4 ring of strength (right hand)
Wands
 r - a wand of iceblast (12)
Scrolls
 e - 2 scrolls of identify
 f - a scroll of fog {unknown}
 h - 2 scrolls of noise {unknown}
 k - 4 scrolls of remove curse
 m - 4 scrolls of teleportation {unknown}
 o - a scroll of random uselessness {unknown}
Potions
 b - 2 potions of magic {unknown}
 d - a potion of haste {unknown}
 g - a potion of brilliance {unknown}
 i - a potion of heal wounds {unknown}
 j - 2 potions of agility {unknown}
 l - a potion of resistance {unknown}
 s - a potion of mutation {unknown}
 t - a potion of invisibility {unknown}
Comestibles
 c - 9 rations


   Skills:
 + Level 2.0 Fighting
 + Level 2.0 Short Blades
 + Level 2.0 Long Blades
 + Level 2.0 Axes
 + Level 2.0 Maces & Flails
 + Level 2.0 Polearms
 + Level 2.0 Staves
 + Level 2.0 Slings
 + Level 2.0 Bows
 + Level 2.0 Crossbows
 + Level 2.0 Throwing
 + Level 2.0 Armour
 + Level 5.0 Dodging
 + Level 4.6 Stealth
 + Level 2.0 Shields
 + Level 2.0 Unarmed Combat
 + Level 5.3 Spellcasting
 + Level 1.5 Conjurations
 + Level 1.5 Hexes
 + Level 1.5 Charms
 + Level 1.5 Summonings
 + Level 7.3 Necromancy
 + Level 1.5 Translocations
 + Level 1.5 Transmutations
 + Level 1.5 Fire Magic
 + Level 1.5 Ice Magic
 + Level 1.5 Air Magic
 + Level 1.5 Earth Magic
 + Level 1.5 Poison Magic
 + Level 2.1 Invocations
 + Level 2.0 Evocations


You had 10 spell levels left.
You knew the following spells:

 Your Spells              Type           Power        Failure   Level  Hunger
a - Pain                  Necr           ####         1%          1    None
b - Animate Skeleton      Necr           N/A          1%          1    None
c - Vampiric Draining     Necr           ####......   1%          3    ##.....

Your spell library contained the following spells:

 Spells                   Type           Power        Failure   Level  Hunger
 Apportation              Tloc           ##....       6%          1    None
 Confusing Touch          Hex            ##....       6%          1    None
 Flame Tongue             Conj/Fire      ##...        6%          1    None
 Summon Small Mammal      Summ           ##..         6%          1    None
 Regeneration             Chrm/Necr      ###.......   6%          3    ##.....
 Animate Dead             Necr           N/A          6%          4    ####...
 Throw Flame              Conj/Fire      ##....       10%         2    None
 Conjure Flame            Conj/Fire      ##......     19%         3    ##.....
 Inner Flame              Hex/Fire       ##......     19%         3    ##.....
 Sticky Flame             Conj/Fire      ##......     54%         4    ####...
 Fireball                 Conj/Fire      ##........   87%         5    #####..


Dungeon Overview and Level Annotations

Branches:
Dungeon (5/15)
 Temple: D:4-7

Altars:
Gozag
Makhleb
Ru
Wu Jian

Annotations:
D:3 2 transporters
D:4 2 transporters, Theblade12's ghost, amateur DsGl


Innate Abilities, Weirdness & Mutations

Your experience applies equally to all skills.
You have very sharp teeth.
Your uncanny sense of smell can sniff out nearby items.


Message History

The orc priest shouts!
The orc wizard shouts! x2
The orc wizard points at you and mumbles some strange words.
The magic dart hits you.
The orc priest mumbles some strange prayers to Beogh against you.
You barely resist. The orc wizard casts a spell at you.
The puff of flame hits you!
The orc priest mumbles some strange prayers to Beogh against you.
Beogh smites you!
You hear a shout!
The orc wizard points at you and mumbles some strange words.
The puff of frost hits you!
* * * LOW HITPOINT WARNING * * *
The orc wizard hits you with a +0 dagger.
* * * LOW HITPOINT WARNING * * *
You hit the orc wizard.
The orc wizard is lightly wounded.
The orc wizard points at you and mumbles some strange words.
The puff of frost hits you!
You die...

.# .#∆ ##.# # #..
.# #.# .#
########.##.#
#...........#####
#.##.†........@.#
#.#.....#<#####o#
#....###..#
##.#..# ###.##
##.###o###.## #.#
#....## #.# #.##
##.###.###.####
##.###..#
##.#.....#
#....#.# ##o#
#.#.##.# #o#


You could see an orc wizard.

Vanquished Creatures
  Crazy Yiuf (D:4)
  3 worker ants (D:4)
  10 adders
  An ooze (D:3)
  A worm (D:4)
  2 dart slugs (D:1)
  A leopard gecko (D:1)
  6 orcs
  6 giant cockroaches
  4 goblins
  7 hobgoblins
  9 jackals
  2 quokkas
  9 bats
  2 frilled lizards (D:1)
  4 kobolds
  8 rats
76 creatures vanquished.

Vanquished Creatures (collateral kills)
  A centaur skeleton (D:4)
  2 hound skeletons
  A dart slug (D:2)
  A leopard gecko (D:2)
  5 jackals
  A quokka (D:4)
11 creatures vanquished.

Grand Total: 87 creatures vanquished

Notes
Turn   | Place    | Note
-------+----------+-------------------------------------------
     0 | D:1      | Mrkan the Gnoll Necromancer began the quest for the Orb.
     0 | D:1      | Reached XP level 1. HP: 13/13 MP: 6/6
     2 | D:1      | Learned a level 1 spell: Animate Skeleton
   191 | D:1      | Reached XP level 2. HP: 14/19 MP: 4/7
   623 | D:1      | Reached XP level 3. HP: 18/25 MP: 5/9
   643 | D:1      | Reached skill level 5 in Spellcasting
   819 | D:2      | Reached skill level 1 in Invocations
   888 | D:2      | Reached skill level 1 in Fighting
   888 | D:2      | Reached skill level 1 in Short Blades
   888 | D:2      | Reached skill level 1 in Long Blades
   888 | D:2      | Reached skill level 1 in Axes
   888 | D:2      | Reached skill level 1 in Maces & Flails
   888 | D:2      | Reached skill level 1 in Polearms
   888 | D:2      | Reached skill level 1 in Staves
   888 | D:2      | Reached skill level 1 in Slings
   888 | D:2      | Reached skill level 1 in Bows
   888 | D:2      | Reached skill level 1 in Crossbows
   888 | D:2      | Reached skill level 1 in Throwing
   888 | D:2      | Reached skill level 1 in Armour
   888 | D:2      | Reached skill level 1 in Shields
   888 | D:2      | Reached skill level 1 in Unarmed Combat
   888 | D:2      | Reached skill level 1 in Evocations
   892 | D:2      | Reached XP level 4. HP: 16/32 MP: 8/11
  1220 | D:2      | Reached skill level 1 in Conjurations
  1220 | D:2      | Reached skill level 1 in Hexes
  1220 | D:2      | Reached skill level 1 in Charms
  1220 | D:2      | Reached skill level 1 in Summonings
  1220 | D:2      | Reached skill level 1 in Translocations
  1220 | D:2      | Reached skill level 1 in Transmutations
  1220 | D:2      | Reached skill level 1 in Fire Magic
  1220 | D:2      | Reached skill level 1 in Ice Magic
  1220 | D:2      | Reached skill level 1 in Air Magic
  1220 | D:2      | Reached skill level 1 in Earth Magic
  1220 | D:2      | Reached skill level 1 in Poison Magic
  1623 | D:2      | Reached XP level 5. HP: 36/37 MP: 9/12
  1696 | D:3      | Learned a level 3 spell: Vampiric Draining
  1934 | D:3      | Found an opulent altar of Gozag.
  1934 | D:3      | Found a sacrificial altar of Ru.
  2058 | D:3      | Found an ornate altar of the Wu Jian Council.
  2114 | D:3      | Found a burning altar of Makhleb.
  2118 | D:3      | Found a transporter.
  2119 | D:3      | Noticed a centaur
  2119 | D:3      | Noticed an ogre
  2130 | D:3      | Found a transporter.
  2899 | D:4      | Found a transporter.
  2899 | D:4      | Noticed Theblade12's ghost (amateur DsGl)
  2913 | D:4      | Found a transporter.
  2978 | D:4      | Reached XP level 6. HP: 37/44 MP: 7/13
  3181 | D:4      | Found a runed translucent door.
  3182 | D:4      | Noticed Crazy Yiuf
  3189 | D:4      | Killed Crazy Yiuf
  3189 | D:4      | Reached skill level 5 in Dodging
  3402 | D:5      | Entered Level 5 of the Dungeon
  3439 | D:5      | Killed from afar by an orc wizard

Skill      XL: |  1  2  3  4  5  6 |
---------------+-------------------+-----
Spellcasting   | 5 |  5.3
Invocations    | 1 2 |  2.1
Fighting       | 1 2 |  2.0
Short Blades   | 1 2 |  2.0
Long Blades    | 1 2 |  2.0
Axes           | 1 2 |  2.0
Maces & Flails | 1 2 |  2.0
Polearms       | 1 2 |  2.0
Staves         | 1 2 |  2.0
Slings         | 1 2 |  2.0
Bows           | 1 2 |  2.0
Crossbows      | 1 2 |  2.0
Throwing       | 1 2 |  2.0
Armour         | 1 2 |  2.0
Shields        | 1 2 |  2.0
Unarmed Combat | 1 2 |  2.0
Evocations     | 1 2 |  2.0
Conjurations   | 1 |  1.5
Hexes          | 1 |  1.5
Charms         | 1 |  1.5
Summonings     | 1 |  1.5
Translocations | 1 |  1.5
Transmutations | 1 |  1.5
Fire Magic     | 1 |  1.5
Ice Magic      | 1 |  1.5
Air Magic      | 1 |  1.5
Earth Magic    | 1 |  1.5
Poison Magic   | 1 |  1.5
Dodging        | 5 |  5.0
Stealth        | |  4.6
Necromancy     | |  7.3

Action                   |  1- 3 |  4- 6 || total
-------------------------+-------+-------++-------
Melee: Unarmed           |     9 |   127 ||   136
       Bite              |       |    11 ||    11
       Punch             |       |     1 ||     1
       Mace              |       |     2 ||     2
 Cast: Pain              |    44 |    55 ||    99
       Animate Skeleton  |     4 |    10 ||    14
       Vampiric Draining |       |     8 ||     8
  Use: Scroll            |       |     2 ||     2
 Stab: Sleeping          |     1 |     1 ||     2
  Eat: Chunk             |       |     8 ||     8
Armor: Robe              |     3 |    29 ||    32
Dodge: Dodged            |    18 |   170 ||   188
